Map: Automaton LE

Players

Geralt (Gerald)

  • Race: Protoss Protoss
  • League: Grandmaster
  • Spawn Location: 3:00

Lambo - Winner!

  • Race: Zerg Zerg
  • League: Grandmaster
  • Spawn Location: 9:00

VOD

Have the link to the VOD?

Description

Time

  • Played on: Jan. 7, 2019, 3:26 p.m.
  • Length: 18:08
Show
View Real Time Build Order
Export as new Build Order

Geralt Protoss 

Build Orders: 1 Gate Expand, Oracle Opening, Phoenix Opening 

Get SALT Encoding   

  12  0:00  Probe  
  13  0:12  Probe  
  14  0:19  Pylon  
  14  0:25  Probe  
  15  0:30  Assimilator  
  15  0:33  Probe  
  15  0:41  Probe  
  17  0:51  Gateway  
  17  0:53  Probe  
  18  1:05  Probe  
  19  1:17  Probe  
  20  1:28  Nexus  
  21  1:38  Cybernetics Core  
  20  1:41  Probe  
  20  1:47  Assimilator  
  21  1:53  Probe  
  22  1:58  Pylon  
  22  2:05  Probe  
  22  2:07  Adept  
  23  2:17  Probe  
  23  2:22  Stargate  
  26  2:28  Adept  
  26  2:29  Probe  
  27  2:31  Pylon  
  29  2:41  Probe  
  29  2:43  Warp Gate  
  30  2:45  Probe  
  31  2:53  Probe  
  31  2:57  Oracle, Probe  
  33  2:59  Adept  
  33  3:05  Probe  
  39  3:13  Probe  
  39  3:17  Probe  
  39  3:18  Pylon  
  41  3:25  Probe  
  42  3:27  Phoenix  
  42  3:29  Probe  
  43  3:37  Probe  
  46  3:41  Probe  
  46  3:44  Gateway  
  47  3:49  Probe, Assimilator  
  47  3:53  Probe, Assimilator  
  49  4:01  Probe  
  50  4:05  Probe  
  50  4:07  Oracle  
  54  4:13  Probe  
  51  4:18  Probe  
  51  4:21  Stargate  
  51  4:22  Shield Battery  
  52  4:25  Probe  
  52  4:27  Pylon  
  52  4:30  Probe  
  54  4:35  Pylon  
  54  4:40  Shield Battery  
  54  4:42  Phoenix, Pylon  
  54  4:44  Gateway x2  
  54  4:45  Probe x2  
  58  4:55  Adept x2  
  58  4:57  Probe x2  
  66  5:18  Nexus  
  66  5:19  Phoenix  
  66  5:21  Phoenix  
  68  5:25  Pylon  
  68  5:30  Adept  
  68  5:31  Adept  
  72  5:36  Probe  
  72  5:37  Pylon  
  72  5:42  Phoenix  
  73  5:44  Phoenix  
  77  6:01  Phoenix  
  77  6:03  Pylon  
  79  6:06  Adept x3  
  79  6:08  Adept  
  79  6:09  Phoenix  
  89  6:16  Protoss Air Weapons Level 1  
  89  6:26  Phoenix  
  89  6:27  Probe  
  89  6:28  Robotics Facility  
  92  6:34  Phoenix  
  94  6:51  Phoenix  
  96  6:57  Probe  
  96  6:59  Phoenix  
  88  7:16  Probe x2, Phoenix  
  88  7:21  Probe  
  88  7:22  Assimilator  
  91  7:24  Phoenix  
  91  7:26  Assimilator  
  91  7:28  Probe  
  92  7:30  Pylon  
  88  7:39  Probe  
  91  7:44  Adept x2  
  91  7:45  Adept x2  
  101  7:51  Probe x2  
  101  7:53  Probe  
  100  8:03  Probe  
  100  8:04  Probe  
  102  8:08  Probe  
  102  8:12  Robotics Bay  
  103  8:15  Gateway  
  103  8:16  Robotics Facility, Probe x2  
  103  8:17  Gateway  
  103  8:19  Gateway  
  105  8:20  Probe, Stalker x2  
  105  8:21  Stalker x2  
  114  8:28  Probe x2  
  114  8:30  Pylon  
  114  8:32  Probe, Twilight Council  
  114  8:33  Immortal, Forge  
  119  8:49  Pylon  
  119  8:50  Pylon  
  119  8:52  Probe  
  119  8:55  Colossus, Pylon  
  120  8:58  Protoss Ground Weapons Level 1  
  120  9:05  Colossus  
  120  9:08  Extended Thermal Lance  
  120  9:09  Sentry x3  
  138  9:17  Photon Cannon, Shield Battery  
  138  9:19  Nexus  
  138  9:20  Blink  
  138  9:27  Sentry  
  140  9:34  Probe  
  140  9:37  Probe  
  140  9:38  Pylon  
  140  9:45  Void Ray  
  140  9:48  Probe  
  140  9:49  Colossus  
  140  9:51  Probe x2  
  149  9:55  Void Ray  
  149  9:56  Assimilator  
  157  10:00  Probe  
  157  10:01  Assimilator  
  157  10:03  Probe  
  157  10:04  Photon Cannon, Shield Battery  
  157  10:05  Probe  
  160  10:16  Photon Cannon  
  160  10:19  Colossus  
  162  10:36  Colossus  
  162  10:39  Stalker x5  
  178  10:50  Pylon  
  178  10:52  Pylon  
  178  10:59  Void Ray x2  
  178  11:05  Probe  
  178  11:07  Probe, Protoss Ground Weapons Level 2  
  178  11:09  Templar Archives  
  178  11:10  Gateway  
  188  11:11  Photon Cannon  
  188  11:13  Gateway  
  188  11:22  Observer  
  189  11:26  Fleet Beacon  
  189  11:33  Pylon  
  189  11:35  Pylon  
  189  11:41  Stalker  
  189  11:42  Stalker x3  
  189  11:47  Void Ray  
  181  11:48  Void Ray  
  189  11:55  Colossus  
  187  12:06  Warp Prism  
  195  12:09  Sentry x2  
  195  12:12  Photon Cannon  
  195  12:14  Photon Cannon  
  199  12:16  Photon Cannon  
  199  12:17  Shield Battery  
  199  12:21  Shield Battery  
  187  12:45  High Templar x4  
  187  12:49  Psionic Storm  
  183  13:07  Archon x2  
  132  13:19  Stalker  
  98  13:20  Stalker x8  
  98  13:21  Colossus x2  
  122  13:30  Probe  
  123  13:35  Probe  
  123  13:37  Shield Battery  
  124  13:42  High Templar x2  
  124  13:43  High Templar, Pylon  
  124  13:46  Nexus  
  130  13:54  Gateway, Tempest  
  130  13:55  Gateway  
  135  13:57  Tempest  
  135  13:58  Nexus  
  135  13:59  Pylon  
  135  14:00  Zealot  
  135  14:01  Zealot x2  
  135  14:02  Zealot  
  148  14:05  Zealot  
  148  14:08  Assimilator  
  150  14:12  Assimilator  
  150  14:29  Archon  
  150  14:33  Colossus x2  
  125  14:49  Zealot x9  
  94  15:16  Colossus  
  94  15:17  Colossus  
  78  15:24  High Templar x2  
  78  15:27  Probe x2  
  78  15:28  Probe  
  91  15:36  Probe  
  91  15:39  Probe x2  
  91  15:40  Probe  
  95  15:46  Gateway  
  95  15:48  Probe  
  96  15:50  Photon Cannon  
  96  15:51  Probe, Zealot  
  96  15:52  Zealot  
  101  15:59  Probe x2  
  101  16:01  Colossus x2  
  101  16:04  High Templar x2  
  105  16:10  Stalker  
  121  16:12  Tempest  
  124  16:26  Probe  
  124  16:27  Probe x3  
  124  16:30  Zealot  
  126  16:34  Tempest  
  126  16:38  Probe  
  126  16:39  High Templar x2  
  136  16:40  Zealot x3  
  136  16:44  Probe  
  143  16:48  Archon  
  143  16:51  Pylon  
  141  17:04  Stalker x5  
  124  17:08  Archon  
  100  17:19  Stalker x4  
  86  17:28  Stalker x2  
  75  17:34  Stalker  
  75  17:35  Stalker  
  58  17:44  Stalker x2  
  53  17:53  Zealot x2  
  53  17:54  Zealot  
  53  17:58  Zealot  
Show
View Real Time Build Order
Export as new Build Order

Lambo Zerg - Winner!

Build Orders: Hatch First 

Get SALT Encoding   

  12  0:00  Drone  
  13  0:12  Overlord  
  13  0:18  Drone  
  14  0:30  Drone x2  
  16  0:45  Drone  
  17  0:53  Hatchery  
  17  0:56  Drone  
  17  1:00  Drone  
  18  1:10  Extractor  
  17  1:15  Spawning Pool  
  17  1:18  Drone  
  17  1:21  Drone  
  18  1:28  Drone  
  19  1:39  Drone  
  20  1:50  Overlord  
  20  2:03  Queen  
  20  2:04  Zergling x2  
  20  2:06  Queen, Zergling x2  
  26  2:10  Metabolic Boost  
  26  2:11  Drone  
  27  2:16  Drone  
  27  2:22  Drone  
  29  2:29  Drone  
  30  2:38  Drone  
  30  2:39  Drone  
  32  2:53  Hatchery  
  32  2:55  Queen  
  32  2:56  Overlord  
  33  3:02  Zergling x2  
  34  3:08  Zergling x2  
  34  3:09  Drone  
  34  3:10  Spore Crawler  
  34  3:11  Drone  
  37  3:15  Drone  
  38  3:24  Drone x2  
  40  3:28  Zergling x2  
  42  3:34  Drone x3  
  42  3:38  Spore Crawler  
  42  3:39  Drone  
  44  3:46  Overlord  
  44  3:51  Overlord  
  44  3:55  Extractor  
  43  3:57  Queen  
  43  3:58  Extractor  
  43  4:01  Drone  
  43  4:02  Drone x2  
  43  4:05  Drone x4  
  47  4:11  Drone  
  47  4:14  Drone  
  47  4:16  Drone  
  49  4:21  Drone x2  
  51  4:26  Drone x3  
  51  4:30  Overlord  
  54  4:33  Spore Crawler, Drone  
  54  4:39  Queen  
  54  4:42  Drone  
  54  4:44  Spore Crawler  
  56  4:46  Overlord  
  56  4:48  Drone  
  56  4:50  Drone  
  56  4:51  Zergling x2  
  59  4:55  Drone x2  
  61  5:05  Roach Warren, Drone x3  
  63  5:10  Drone x4  
  63  5:13  Queen  
  67  5:15  Drone x2  
  71  5:21  Drone x3  
  71  5:22  Lair  
  71  5:27  Extractor  
  71  5:29  Extractor  
  71  5:30  Evolution Chamber  
  71  5:32  Zergling x6  
  71  5:33  Overlord  
  72  5:38  Overlord  
  72  5:40  Overlord  
  72  5:49  Overlord x2  
  72  6:02  Roach x8  
  88  6:06  Overlord  
  88  6:09  Zerg Missile Weapons Level 1  
  88  6:10  Overlord  
  88  6:12  Overlord  
  88  6:14  Roach  
  88  6:15  Roach x2  
  94  6:18  Roach  
  94  6:23  Queen  
  94  6:24  Queen  
  101  6:25  Drone x3  
  101  6:26  Spore Crawler, Drone x2  
  101  6:30  Drone x2  
  101  6:31  Spore Crawler  
  105  6:33  Drone  
  105  6:34  Drone x2  
  105  6:36  Drone x2  
  110  6:41  Drone x2  
  110  6:46  Queen, Drone  
  113  6:49  Extractor  
  113  6:54  Hydralisk Den  
  111  6:59  Queen, Spore Crawler  
  105  7:02  Spore Crawler  
  105  7:03  Drone x9  
  105  7:06  Drone x2  
  106  7:10  Spore Crawler, Drone x2  
  106  7:14  Drone  
  106  7:15  Queen  
  105  7:20  Extractor  
  101  7:23  Grooved Spines  
  101  7:24  Drone  
  101  7:25  Drone x2  
  98  7:32  Drone x2  
  98  7:36  Extractor  
  98  7:40  Baneling Nest  
  96  7:45  Spore Crawler  
  96  7:48  Overlord  
  95  7:55  Hydralisk x11  
  117  8:03  Hydralisk x2  
  119  8:08  Hydralisk x2  
  123  8:17  Zerg Missile Weapons Level 2  
  123  8:21  Hatchery  
  123  8:22  Hydralisk  
  123  8:23  Hydralisk  
  126  8:31  Hydralisk  
  126  8:32  Hydralisk  
  129  8:38  Zergling x2  
  129  8:39  Overlord  
  129  8:41  Overlord  
  129  8:42  Overlord  
  129  8:44  Overlord  
  129  8:45  Overlord x3  
  129  8:47  Overlord  
  127  8:50  Muscular Augments  
  127  8:51  Overlord  
  127  8:52  Overlord  
  127  8:58  Overlord  
  126  9:02  Hatchery  
  126  9:03  Hydralisk x2  
  126  9:04  Hydralisk x2  
  126  9:05  Spire  
  132  9:10  Hydralisk x3  
  138  9:23  Zergling x16  
  146  9:30  Centrifical Hooks  
  146  9:35  Drone x6  
  152  9:39  Hydralisk  
  152  9:40  Zergling x2  
  152  9:48  Drone  
  152  9:49  Drone  
  154  9:58  Zergling x8  
  156  10:21  Corruptor x8  
  156  10:24  Corruptor  
  174  10:28  Corruptor  
  174  10:33  Zerg Melee Weapons Level 1  
  174  10:35  Corruptor  
  175  10:38  Queen  
  175  10:40  Overlord  
  177  10:43  Extractor  
  177  10:46  Corruptor x2  
  180  10:50  Zergling x22  
  180  10:53  Queen  
  180  10:56  Corruptor  
  195  11:03  Zergling x12  
  198  11:07  Drone  
  198  11:10  Baneling x10  
  199  11:15  Baneling x4  
  199  11:21  Baneling  
  199  11:22  Baneling x3  
  199  11:23  Overlord  
  199  11:25  Baneling x3  
  199  11:29  Baneling x3  
  195  11:41  Zergling x30  
  195  11:44  Hydralisk x3  
  186  11:59  Corruptor x4  
  184  12:03  Corruptor  
  186  12:11  Zergling x16  
  186  12:14  Baneling x5  
  194  12:19  Hatchery  
  194  12:21  Baneling  
  194  12:22  Baneling x8  
  193  12:24  Zergling x8  
  193  12:27  Baneling x4  
  197  12:30  Zergling x6  
  197  12:36  Hydralisk x3  
  188  12:39  Zergling x6  
  188  12:42  Zergling x2  
  188  12:43  Zergling x2  
  176  12:48  Baneling x8  
  176  12:52  Hydralisk  
  176  12:53  Hydralisk x2  
  176  12:57  Hydralisk x2  
  177  13:08  Hydralisk x4  
  163  13:14  Hydralisk x2  
  163  13:18  Hydralisk x2  
  163  13:19  Zergling x4  
  153  13:26  Zergling x14  
  160  13:35  Zergling x8  
  160  13:36  Ravager  
  160  13:37  Zergling x4  
  167  13:44  Zergling x4  
  169  13:52  Baneling x18  
  169  13:53  Zergling x12  
  175  13:56  Zergling x2  
  175  14:00  Baneling x10  
  175  14:01  Zergling x6  
  179  14:03  Overseer  
  179  14:08  Zergling x8  
  179  14:17  Hydralisk  
  179  14:18  Zergling x6  
  177  14:25  Hydralisk x2  
  177  14:26  Zergling x4  
  177  14:29  Hydralisk x5  
  178  14:35  Hydralisk x3  
  176  14:39  Hydralisk  
  176  14:43  Hydralisk x2  
  179  14:51  Hydralisk x4  
  181  14:58  Hydralisk  
  181  14:59  Zergling x6  
  159  15:08  Hydralisk x4  
  148  15:32  Corruptor  
  148  15:33  Corruptor x3  
  156  15:37  Corruptor  
  156  15:39  Hatchery  
  157  15:43  Corruptor  
  159  15:50  Corruptor  
  159  15:55  Zergling x14  
  168  16:06  Baneling x4  
  168  16:14  Overseer  
  168  16:19  Hatchery  
  168  16:22  Zergling x18  
  173  16:40  Infestation Pit  
  173  16:41  Drone x7  
  178  16:47  Baneling x7  
  173  16:57  Hydralisk x3  
  171  17:04  Hydralisk  
  171  17:05  Hydralisk x2  
  156  17:09  Hydralisk x2  
  156  17:13  Hydralisk  
  133  17:20  Hydralisk  
  133  17:21  Zergling x10  
  119  17:28  Zergling x12  
  119  17:33  Zergling x10  
  122  17:43  Zergling x14  
Tags
 
Add a new tag
Caveats
  • Supply blocks, unpowered buildings, or Contaminate may cause inaccurate times.
  • Supply counts are checked every 10 seconds.